 Dungeon Crawl Stone Soup version 0.24.1-14-gf8d2b50 (webtiles) character file.

Game seed: 10793116334775471434, levelgen mode: deterministic

66 sweetbreads the Digger (level 4, 0/24 HPs)
             Began as a Gargoyle Earth Elementalist on Aug 4, 2020.
             Slain by an orc priest (2 damage)
             ... on level 2 of the Dungeon.
             The game lasted 00:13:38 (1691 turns).

sweetbreads the Digger (GrEE)                       Turns: 1691, Time: 00:13:39

Health: 0/24       AC:  5    Str: 11    XL:     4   Next: 15%
Magic:  0/8        EV: 12    Int: 17    God:
Gold:   89         SH:  0    Dex: 10    Spells: 5/9 levels left

rFire    . . .     SeeInvis .   f - +0 club
rCold    . . .     Gourm    .   (no shield)
rNeg     + . .     Faith    .   c - +0 robe
rPois    ∞         Spirit   .   (no helmet)
rElec    +         Reflect  .   (no cloak)
rCorr    .         Harm     .   (no gloves)
MR       .....                  (no boots)
Stlth    ++........             (no amulet)
HPRegen  0.08/turn              (no ring)
MPRegen  0.11/turn              (no ring)

@: very slightly contaminated
A: negative energy resistance 1, electricity resistance, unbreathing,
petrification resistance, rot immunity, AC +3
a: no special abilities


You were on level 2 of the Dungeon.
You were not hungry.

You visited 1 branch of the dungeon, and saw 3 of its levels.

You collected 89 gold pieces.

Inventory:

Hand Weapons
 f - a +0 club (weapon)
Missiles
 b - 46 stones (quivered)
 n - 11 poisoned darts
Armour
 c - a +0 robe (worn)
 p - a +0 pair of boots
Scrolls
 a - 6 scrolls of remove curse {unknown}
 e - a scroll of enchant armour {unknown}
 g - a scroll of fear {unknown}
 h - a scroll of enchant weapon {unknown}
 l - 4 scrolls of identify {unknown}
 o - a scroll of blinking {unknown}
Potions
 j - a potion of ambrosia {unknown}
 k - a potion of haste {unknown}
 m - a potion of invisibility {unknown}
 q - 2 potions of curing {unknown}
 r - a potion of lignification {unknown}
Comestibles
 d - 3 rations
 i - a chunk of flesh


   Skills:
 - Level 1.5 Dodging
 - Level 2.1 Stealth
 + Level 3.1 Spellcasting
   Level 0.7 Transmutations
 + Level 4.9 Earth Magic


You had 5 spell levels left.
You knew the following spells:

 Your Spells              Type           Power        Failure   Level  Hunger
a - Sandblast             Erth           ###...       2%          1    None
b - Stone Arrow           Conj/Erth      ##....       19%         3    ###....

Your spell library contained the following spells:

 Spells                   Type           Power        Failure   Level  Hunger
 Passwall                 Tmut/Erth      ##......     9%          2    ##.....
 Petrify                  Tmut/Erth      ##......     47%         4    ####...
 Lee's Rapid Deconstruct  Erth           ###.......   54%         5    ######.


Dungeon Overview and Level Annotations

Branches:
Dungeon (3/15)

Altars:


Innate Abilities, Weirdness & Mutations

You are resistant to torment.
Your stone body is resilient. (AC +3)
You are immune to poison.
You resist negative energy. (rN+)
You are resistant to electric shocks. (rElec)
You can survive without breathing.
You are immune to petrification.
You are immune to rotting.


Message History

Confirm with . or Enter, or press ? or * to list all spells.
You don't have enough magic to cast that spell.
Casting: Sandblast (safe; 2% risk of failure)
Confirm with . or Enter, or press ? or * to list all spells.
Okay, then.
You hit the orc priest but do no damage.
The orc priest is heavily wounded.
The orc priest casts a cantrip, but nothing happens.
The orc misses you.
You closely miss the orc priest.
The orc priest is heavily wounded.
The orc priest barely misses you. The orc hits you but does no damage.
The orc priest barely misses you.
Okay, then.
You aren't carrying any items that you can evoke.
Unknown command.
You hit the orc priest but do no damage.
The orc priest is heavily wounded.
The orc hits you but does no damage. The orc priest hits you.
You die...

..# ..# ..###### ..##...#
..##...# ..##...######
..##...##...#
.###...##...#######
........'.......@o#
..#######.[)...o..########
..# #.........##.....# ..#
#.........##.###.# ..#####
#............# #.# ......#
#......####### #.# ......#
#......# #.##### ......#
#......# ###.)...# ......#
######## #.....#.#


You could see an orc priest and an orc.

Vanquished Creatures
  4 worms (D:2)
  2 dart slugs
  An orc (D:3)
  2 giant cockroaches
  3 goblins (D:1)
  7 hobgoblins
  5 jackals
  8 kobolds
  A quokka (D:2)
  A ball python (D:2)
  5 bats
  A frilled lizard (D:1)
  7 rats
47 creatures vanquished.

Notes
Turn   | Place    | Note
-------+----------+-------------------------------------------
     0 | D:1      | sweetbreads the Gargoyle Earth Elementalist began the quest
                  | for the Orb.
     0 | D:1      | Reached XP level 1. HP: 10/10 MP: 3/3
   196 | D:1      | Reached XP level 2. HP: 15/15 MP: 3/5
   220 | D:1      | Reached skill level 4 in Earth Magic
   476 | D:1      | Reached XP level 3. HP: 17/19 MP: 4/6
  1308 | D:2      | Reached XP level 4. HP: 15/24 MP: 4/8
  1319 | D:2      | Learned a level 3 spell: Stone Arrow
  1691 | D:2      | Slain by an orc priest

Levels and vault maps discovered:
D:1:      enne_arrival_octagon_isle, layout_loops_cross, solitary_fountain
D:2:      layout_basic
D:3:      layout_basic

Skill      XL: |  1  2  3 |
---------------+----------+-----
Earth Magic    | 4 |  4.9
Spellcasting   | 3 |  3.1
Dodging        | |  1.5
Stealth        | |  2.1
Transmutations | |  0.7

Action                   |  1- 3 |  4- 6 || total
-------------------------+-------+-------++-------
Melee: Club              |    69 |    19 ||    88
       Unarmed           |     2 |       ||     2
 Cast: Sandblast         |    38 |    21 ||    59
       Stone Arrow       |       |     2 ||     2
 Stab: Sleeping          |     1 |       ||     1
  Eat: Chunk             |     2 |     1 ||     3
Armor: Robe              |    18 |    13 ||    31
Dodge: Dodged            |    52 |    32 ||    84
